 Dungeon Crawl Stone Soup version 0.14.1-26-g5a19342 (webtiles) character file.

290 Kae the Ruinous (level 5, -4/28 HPs)
             Began as a Tengu Fire Elementalist on July 23, 2014.
             Slain by an orc
             ... wielding a +0,+0 flail
              (9 damage)
             ... on Level 3 of the Dungeon.
             The game lasted 00:05:19 (3565 turns).

Kae the Ruinous (Tengu Fire Elementalist)           Turns: 3565, Time: 00:05:19

HP  -4/28        AC  3     Str  9      XL: 5   Next: 46%
MP   1/11        EV 12     Int 16      God:
Gold 125         SH  0     Dex 14      Spells:  3 memorised,  3 levels left

rFire  . . .     SeeInvis .     q - +1,+2 whip (freeze)
rCold  . . .     Clarity  .     a - +1 robe
rNeg   . . .     Conserve .     (no shield)
rPois  .         rCorr    .     (helmet restricted)
rElec  .         rRot     .     (no cloak)
SustAb . .       Spirit   .     (no gloves)
rMut   .         Warding  .     (boots unavailable)
Saprov . . .     Stasis   .     (no amulet)
MR     .....                    (no ring)
                                (no ring)

@: very slightly contaminated, not resistant to hostile enchantments, fairly
stealthy
A: able to fly, beak, talons 3
a: Fly


You were on level 3 of the Dungeon.
You were hungry.

You visited 1 branch of the dungeon, and saw 3 of its levels.

You collected 125 gold pieces.

Inventory:

Hand weapons
 q - a +1,+2 whip of freezing (weapon)
Armour
 a - a +1 robe (worn)
Magical devices
 g - a wand of polymorph (8)
Comestibles
 c - 3 bread rations
 d - a meat ration
 l - an apple
 t - a choko
Scrolls
 h - a scroll of recharging
 i - 3 scrolls of remove curse
 j - a scroll of enchant armour
 k - 2 scrolls of random uselessness {unknown}
 m - a scroll of identify
 o - a scroll of amnesia {unknown}
 p - a scroll of fear
 v - a scroll of enchant weapon II {unknown}
Jewellery
 n - an uncursed ring of wizardry {unknown}
Potions
 e - a potion of heal wounds
 f - 3 potions of curing
 r - a potion of cure mutation
Books
 b - a book of Flames

   Spells                             Type                      Level
   *Flame Tongue                      Conjuration/Fire             1
   *Throw Flame                       Conjuration/Fire             2
   *Conjure Flame                     Conjuration/Fire             3
   Inner Flame                        Hexes/Fire                   3
   Sticky Flame                       Conjuration/Fire             4
   Fireball                           Conjuration/Fire             5


   Skills:
 - Level 2.1 Dodging
 - Level 2.0 Stealth
 + Level 2.6 Spellcasting
 * Level 4.7 Conjurations
 * Level 4.7 Fire Magic


You had 3 spell levels left.
You knew the following spells:

 Your Spells              Type           Power        Failure   Level  Hunger
a - Flame Tongue          Conj/Fire      ###..        3%          1    #......
b - Throw Flame           Conj/Fire      ###...       6%          2    ##.....
c - Conjure Flame         Conj/Fire      ###.....     12%         3    ###....


Dungeon Overview and Level Annotations

Branches:
Dungeon (3/15)

Altars:


Innate Abilities, Weirdness & Mutations

You can fly.
You have a beak for a mouth.
You have claws for feet.


Message History

Aim: an orc, wielding a flail and wearing a scale mail The flame tongue hits the orc.
The orc appears unharmed.
Casting: Flame Tongue
Confirm with . or Enter, or press ? or * to list all spells.
You don't have enough magic to cast that spell.
You are too injured to fight recklessly!
You are too injured to fight recklessly!
You barely miss the orc. The orc barely misses you.
You closely miss the orc. You claw the orc, but do no damage.
You peck the orc, but do no damage. The orc barely misses you.
You hit the orc but do no damage. The orc misses you.
You hit the orc. You freeze the orc. Your kick misses the orc.
The orc is heavily wounded.
The orc hits you with a flail.
* * * LOW HITPOINT WARNING * * *
You hit the orc but do no damage. You claw the orc.
You peck the orc, but do no damage.
The orc is severely wounded.
The orc hits you with a flail!
You die...

....######.........(######.###.##
.#### ######..#### ##...g... .#
#..# #......## .###### #..#
#.####### .<....# #..# #. #
#####.# #..########. # #.#
#...........####### #.#
#.o##########...... #.#
#.@)..........##### #.#
#.######### # #.# #.# # #.#
####.# ############ #.#
#....######........... #.#
#.#.<........########.
##.######.#..######..# #.
#.................#.)########.
#.##.####....####.#..##.......


You could see an orc.

Vanquished Creatures
  Ijyb (D:3)
  2 gnolls (D:3)
  5 adders
  A giant mite (D:1)
  2 worms (D:2)
  3 giant geckos (D:3)
  An ooze (D:1)
  4 orcs (D:3)
  3 giant cockroaches
  2 goblins
  9 hobgoblins
  2 jackals (D:1)
  6 bats
  7 giant newts
  4 kobolds
  8 rats
60 creatures vanquished.

Notes
Turn   | Place    | Note
--------------------------------------------------------------
     0 | D:1      | Kae, the Tengu Fire Elementalist, began the quest for the Orb.
     0 | D:1      | Reached XP level 1. HP: 10/10 MP: 3/3
   375 | D:1      | Reached XP level 2. HP: 1/15 MP: 0/5
   956 | D:1      | Reached XP level 3. HP: 12/19 MP: 7/7
  1604 | D:2      | Reached skill level 4 in Fire Magic
  1840 | D:2      | Noticed a centaur
  1886 | D:2      | Reached XP level 4. HP: 24/24 MP: 8/8
  2518 | D:3      | Learned a level 2 spell: Throw Flame
  2522 | D:3      | Learned a level 3 spell: Conjure Flame
  2745 | D:3      | Noticed Ijyb
  2759 | D:3      | Killed Ijyb
  2759 | D:3      | Reached XP level 5. HP: 28/28 MP: 1/11
  3565 | D:3      | Slain by an orc

Action                   |  1- 3 |  4- 6 || total
-------------------------+-------+-------++-------
Melee: Unarmed           |    52 |       ||    52
       Whip              |    18 |    38 ||    56
 Cast: Flame Tongue      |    27 |    49 ||    76
  Use: Potion            |     2 |     1 ||     3
       Scroll            |       |     7 ||     7
 Stab: Sleeping          |     2 |     4 ||     6
